 Dungeon Crawl Stone Soup version 0.28.0-62-gf88900778d (webtiles) character file.

Game seed: 7082425558876958640

2037 cbfl8 the Cleaver (level 9, -3/68 HPs)
             Began as a Demonspawn Berserker on Apr 15, 2024.
             Was a Priest of Trog.
             Killed from afar by an electric eel (16 damage)
             ... with a bolt of electricity
             ... on level 7 of the Dungeon.
             The game lasted 00:07:09 (6168 turns).

cbfl8 the Cleaver (Demonspawn Berserker)            Turns: 6168, Time: 00:07:09

Health: -3/68      AC: 23    Str: 17    XL:     9   Next: 4%
Magic:  9/9        EV:  6    Int:  8    God:    Trog [***...]
Gold:   305        SH:  0    Dex: 18    Spells: 8/8 levels left

rFire   . . .      SeeInvis .   m - +0 war axe
rCold   . . .      Faith    .   (no shield)
rNeg    . . .      Spirit   .   q - +0 plate armour
rPois   .          Reflect  .   (no helmet)
rElec   .          Harm     .   (no cloak)
rCorr   .          Rampage  .   r - +0 pair of gloves
Will    .....                   (no boots)
Stlth   ..........              k - amulet of the acrobat
HPRegen 0.21/turn               f - +4 ring of protection
MPRegen 0.11/turn               h - +4 ring of protection

@: very slow
A: powered by death 1, spiny 2, sharp scales 2
a: Renounce Religion, Berserk, Trog's Hand


You were on level 7 of the Dungeon.
You worshipped Trog.
Trog was most pleased with you.
You visited 1 branch of the dungeon, and saw 7 of its levels.

You collected 305 gold pieces.

Inventory:

Hand Weapons
 m - a +0 war axe (weapon)
Missiles
 u - 2 throwing nets (quivered)
Armour
 q - a +0 plate armour (worn)
 r - a +0 pair of gloves (worn)
Jewellery
 f - a +4 ring of protection (left hand)
 h - a +4 ring of protection (right hand)
 k - an amulet of the acrobat (around neck)
Scrolls
 c - a scroll of brand weapon {unknown}
 d - 3 scrolls of teleportation
 e - 2 scrolls of noise {unknown}
 g - 2 scrolls of fear {unknown}
 j - 2 scrolls of fog
Potions
 i - 2 potions of ambrosia
 l - 2 potions of attraction {unknown}
 n - a potion of degeneration {unknown}
 o - 2 potions of mutation {unknown}
 p - a potion of resistance {unknown}
 t - a potion of berserk rage {unknown}


   Skills:
 + Level 5.5 Fighting
 + Level 8.0 Axes
 + Level 4.7 Armour
 - Level 1.7 Dodging
 * Level 5.0 Evocations


You had 8 spell levels left.
You didn't know any spells.
Your spell library was empty.

Dungeon Overview and Level Annotations

Branches:
Dungeon (7/15)             Temple (0/1) D:7

Altars:


Innate Abilities, Weirdness & Mutations

You regenerate a little health from kills.
You are mostly covered in sharp spines.
You are mostly covered in razor-sharp scales. (AC +2, Slay +2)


Message History

The bolt of electricity hits you!
* * * LOW HITPOINT WARNING * * *
Okay, then.
Okay, then.
It was a potion of ambrosia.
You are confused.
You feel invigorated.
The electric eel shoots out a bolt of lightning at you!
The bolt of electricity hits you.
* * * LOW HITPOINT WARNING * * *
It was a potion of curing.
You feel better.
You feel less invigorated.
The electric eel shoots out a bolt of lightning at you!
The bolt of electricity hits you.
You feel better.
You feel better.
The electric eel shoots out a bolt of lightning at you!
The bolt of electricity hits you.
The electric eel shoots out a bolt of lightning at you!
The bolt of electricity hits you.
The electric eel shoots out a bolt of lightning at you!
The bolt of electricity hits you but does no damage.
You see here an electric eel corpse.
The electric eel shoots out a bolt of lightning at you!
The bolt of electricity hits you but does no damage.
You barely miss the electric eel.
The electric eel shoots out a bolt of lightning at you!
The bolt of electricity hits you.
You hit the electric eel.
The electric eel is lightly wounded.
The electric eel shoots out a bolt of lightning at you!
The bolt of electricity hits you.
You closely miss the electric eel.
The electric eel is lightly wounded.
The electric eel shoots out a bolt of lightning at you!
The bolt of electricity hits you!
* * * LOW HITPOINT WARNING * * *
Your unstable footing causes you to fumble your attack.
The electric eel shoots out a bolt of lightning at you!
The bolt of electricity hits you!
You die...

#.# #.# # #.#
.## #.# ##..
#.# ..#
####.#...#
#....#...#
####........##.
#≈≈S@†≈≈≈≈.....
#≈#≈≈≈≈≈#≈.....
# #≈###≈#≈.....
#≈ ≈≈#≈.###. ≈≈
≈≈≈ .# ###
......# ######


You could see an electric eel.

Vanquished Creatures
  Menkaure (D:5)
  A water moccasin (D:7)
  An orc warrior (D:7)
  2 ice beasts (D:6)
  An ogre (D:6)
  4 phantoms
  A bullfrog (D:7)
  A wyvern skeleton (D:5)
  2 water moccasin skeletons
  A howler monkey (D:4)
  An electric eel (D:7)
  A bullfrog zombie (D:5)
  5 hounds
  An orc priest (D:4)
  6 jellies
  3 bullfrog skeletons (D:5)
  3 iguanas
  Natasha (D:2)
  3 orc wizards
  3 gnolls (D:5)
  4 adders
  3 white imps
  2 worms (D:2)
  5 dart slugs
  23 orcs
  3 bats
  8 endoplasms
  4 giant cockroaches
  10 hobgoblins
  4 jackals
  4 kobolds
  4 quokkas
  6 ball pythons
  2 frilled lizards
  5 goblins
  4 rats
133 creatures vanquished.

Notes
Turn   | Place    | Note
-------+----------+-------------------------------------------
     0 | D:1      | cbfl8 the Demonspawn Berserker began the quest for the Orb.
     0 | D:1      | Reached XP level 1. HP: 18/18 MP: 1/1
   688 | D:1      | Gained mutation: You are partially covered in razor-sharp
                  | scales. (AC +1, Slay +1) [demonic ancestry]
   688 | D:1      | Reached XP level 2. HP: 24/24 MP: 2/2
   693 | D:1      | Reached skill level 3 in Axes
  1062 | D:1      | Gained mutation: You regenerate a little health from kills.
                  | [demonic ancestry]
  1062 | D:1      | Reached XP level 3. HP: 29/29 MP: 3/3
  1304 | D:1      | Reached ** piety under Trog
  1349 | D:2      | Reached skill level 1 in Evocations
  1925 | D:2      | Noticed Natasha
  1939 | D:2      | Killed Natasha
  1940 | D:2      | Gained mutation: You are partially covered in sharp spines.
                  | [demonic ancestry]
  1940 | D:2      | Reached XP level 4. HP: 30/35 MP: 4/4
  2814 | D:4      | Reached skill level 4 in Axes
  2814 | D:4      | Gained mutation: You are mostly covered in razor-sharp
                  | scales. (AC +2, Slay +2) [demonic ancestry]
  2814 | D:4      | Reached XP level 5. HP: 36/42 MP: 5/5
  3036 | D:4      | Noticed a phantom
  3044 | D:4      | Noticed a phantom
  3047 | D:4      | Killed a phantom
  3048 | D:4      | Reached XP level 6. HP: 48/48 MP: 6/6
  3125 | D:4      | You fall into a shaft and drop 2 floors!
  3128 | D:6      | Reached skill level 5 in Axes
  3269 | D:6      | Noticed an ice beast
  3276 | D:6      | Reached XP level 7. HP: 54/54 MP: 7/7
  3345 | D:6      | Reached *** piety under Trog
  3475 | D:6      | Reached skill level 6 in Axes
  3532 | D:5      | Entered Level 5 of the Dungeon
  3724 | D:4      | Reached XP level 8. HP: 60/61 MP: 8/8
  4307 | D:5      | Noticed Menkaure
  4317 | D:5      | Killed Menkaure
  4318 | D:5      | Reached skill level 5 in Fighting
  4318 | D:5      | Reached skill level 7 in Axes
  5726 | D:7      | Found a staircase to the Ecumenical Temple.
  6055 | D:7      | Reached skill level 8 in Axes
  6074 | D:7      | Reached skill level 5 in Evocations
  6074 | D:7      | Gained mutation: You are mostly covered in sharp spines.
                  | [demonic ancestry]
  6074 | D:7      | Reached XP level 9. HP: 68/68 MP: 9/9
  6168 | D:7      | Killed from afar by an electric eel

Illustrated notes

Levels and vault maps discovered:
D:1:      lemuel_arrival_lava_pool, layout_loops_ring
D:2:      layout_basic, minmay_close_crescents, uniq_natasha
D:3:      layout_basic
D:4:      layout_basic, hangedman_abyss_or_decor_stagger, item_on_display_a
D:5:      layout_loops_ring, roderic_lattice_a, hangedman_decor_clover_reticule,
          chequers_serial_rivers_micro_a, minmay_puff, uniq_menkaure
D:6:      layout_cave_pools
D:7:      minmay_general_purpose_star, layout_basic, minmay_temple_entry_fiery,
          minmay_crystal_water

Skill      XL: |  1  2  3  4  5  6  7  8 |
---------------+-------------------------+-----
Axes           | 3 4 5 6 8 |  8.0
Armour         | 2 3 4 |  4.7
Evocations     | 1 2 3 5 |  5.0
Fighting       | 4 5 |  5.5
Dodging        | |  1.7

Action                   |  1- 3 |  4- 6 |  7- 9 || total
-------------------------+-------+-------+-------++-------
Melee: Hand axe          |   110 |    88 |   160 ||   358
       Punch             |     1 |     1 |     3 ||     5
       War axe           |       |       |    17 ||    17
Invok: Berserk           |       |     2 |     1 ||     3
  Use: Scroll            |       |       |     5 ||     5
       Potion            |       |       |     4 ||     4
Armor: Scale mail        |    42 |    24 |    14 ||    80
       Plate armour      |       |       |    87 ||    87
Dodge: Dodged            |    52 |    42 |    63 ||   157
